 Dungeon Crawl Stone Soup version 0.29.0 (webtiles) character file.

Game seed: 3981058623101053055

320 Dorkslayer the Chopper (level 6, -1/53 HPs)
             Began as a Hill Orc Fighter on Sept 10, 2022.
             Slain by an orc
             ... wielding a +0 trident
              (5 damage)
             ... on level 4 of the Dungeon.
             The game lasted 00:06:16 (2299 turns).

Dorkslayer the Chopper (Hill Orc Fighter)           Turns: 2299, Time: 00:06:17

Health: -1/53      AC:  8    Str: 21    XL:     6   Next: 46%
Magic:  6/6        EV: 10    Int:  8    God:
Gold:   136        SH:  5    Dex: 10    Spells: 5/5 levels left

rFire   . . .      SeeInvis .   a - +0 war axe
rCold   . . .      Faith    .   c - +1 buckler
rNeg    . . .      Spirit   .   b - +0 scale mail
rPois   .          Reflect  .   e - +0 helmet
rElec   .          Harm     .   (no cloak)
rCorr   .          Rampage  .   (no gloves)
Will    .....                   (no boots)
Stlth   ..........              (no amulet)
HPRegen 0.17/turn               (no ring)
MPRegen 0.10/turn               (no ring)

@: mighty, on berserk cooldown, attractive, slowed, very slow
A: no striking features
a: no special abilities


You were on level 4 of the Dungeon.
You visited 1 branch of the dungeon, and saw 4 of its levels.

You collected 136 gold pieces.

Inventory:

Hand Weapons
 a - a +0 war axe (weapon)
Armour
 b - a +0 scale mail (worn)
 c - a +1 buckler (worn)
 e - a +0 helmet (worn)
Potions
 n - a potion of haste {unknown}


   Skills:
 + Level 4.5 Fighting
 + Level 5.9 Axes
 + Level 4.4 Armour
 * Level 2.0 Dodging
 + Level 0.1 Stealth
 + Level 3.7 Shields


You had 5 spell levels left.
You didn't know any spells.
Your spell library contained the following spells:

 Spells                   Type           Power      Damage    Failure   Level
 Necrotise                Necr           0%         1d4       83%         1
 Frozen Ramparts          Ice            0%         1d1       99%         3
 Vampiric Draining        Necr           0%         2d6       99%         3
 Agony                    Necr           0%         N/A       100%        5
 Freezing Cloud           Conj/Ice/Air   0%         6-21      100%        5
 Simulacrum               Ice/Necr       0%         N/A       100%        6


Dungeon Overview and Level Annotations

Branches:
Dungeon (4/15)
 Temple: D:4-7

Altars:


Message History

You feel very mighty all of a sudden.
The orc shouts!
The ball python barely misses you. The ball python grabs you.
The ball python constricts you.
* * * LOW HITPOINT WARNING * * *
A hobgoblin comes into view.
The orc barely misses you. The orc hits you but does no damage.
You block the ball python's attack. The ball python constricts you.
The hobgoblin shouts!
You slice the orc!!
You kill the orc!
You closely miss the ball python. You slash the orc!
You kill the orc!
The ball python barely misses you. The ball python constricts you.
The hound closely misses you. The ball python bites you.
* * * LOW HITPOINT WARNING * * *
The ball python constricts you.
An orc comes into view. It is wielding a +0 hand axe.
The orc hits you but does no damage. The hound bites you but does no damage.
The orc shouts!
You slash the orc!
You kill the orc!
You hit the hound. You hit the ball python.
You kill the ball python!
The hound bites you but does no damage. The hound bites you.
* * * LOW HITPOINT WARNING * * *
The hound bites you.
* * * LOW HITPOINT WARNING * * *
You feel better. The hound bites you but does no damage.
The endoplasm freezes you.
You are frozen.
* * * LOW HITPOINT WARNING * * *
The orc hits you with a +0 hand axe.
* * * LOW HITPOINT WARNING * * *
The hound bites you but does no damage.
It was a potion of attraction.
You feel attractive to monsters. The hound closely misses you.
The orc hits you from afar with a +0 trident.
You die...

.. ...
....
######....
#.........
#.o.......
#.Jhog....
#.@oooo...
##########


You could see a hound, 6 orcs, an endoplasm and a hobgoblin.

Vanquished Creatures
  Eustachio (D:4)
  A scorpion (D:4)
  A hound (D:4)
  2 adders (D:2)
  A worm (D:3)
  3 dart slugs
  4 orcs
  6 endoplasms
  A giant cockroach (D:2)
  3 goblins
  4 hobgoblins
  3 jackals (D:4)
  4 quokkas
  6 ball pythons
  5 bats
  4 frilled lizards
  3 kobolds
  11 rats
63 creatures vanquished.

Notes
Turn   | Place    | Note
-------+----------+-------------------------------------------
     0 | D:1      | Dorkslayer the Hill Orc Fighter began the quest for the
                  | Orb.
     0 | D:1      | Reached XP level 1. HP: 19/19 MP: 1/1
   539 | D:1      | Reached XP level 2. HP: 27/27 MP: 2/2
   870 | D:2      | Reached skill level 3 in Axes
  1050 | D:2      | Reached XP level 3. HP: 33/33 MP: 3/3
  1245 | D:2      | Found a faded altar of an unknown god.
  1474 | D:2      | Reached skill level 1 in Dodging
  1571 | D:3      | Reached XP level 4. HP: 40/40 MP: 4/4
  1657 | D:3      | Reached skill level 4 in Axes
  1811 | D:3      | Got Uttorghe's Anthology of Congelation
  2180 | D:4      | Noticed a scorpion
  2187 | D:4      | Killed a scorpion
  2188 | D:4      | Reached XP level 5. HP: 30/46 MP: 5/5
  2241 | D:4      | Noticed Eustachio
  2271 | D:4      | Reached skill level 5 in Axes
  2281 | D:4      | Killed Eustachio
  2282 | D:4      | Reached XP level 6. HP: 12/53 MP: 6/6
  2299 | D:4      | Slain by an orc

Illustrated notes

Levels and vault maps discovered:
D:1:      lightli_arrival_chessboard, layout_basic, minmay_bisected
D:2:      layout_basic, hellmonk_ecumenical_altar_run_dry
D:3:      layout_basic
D:4:      layout_basic, uniq_eustachio

Skill      XL: |  1  2  3  4  5 |
---------------+----------------+-----
Axes           | 3 4 5 |  5.9
Fighting       | 4 |  4.5
Dodging        | 1 2 |  2.0
Armour         | 4 |  4.4
Stealth        | |  0.1
Shields        | |  3.7

Action                   |  1- 3 |  4- 6 || total
-------------------------+-------+-------++-------
Melee: War axe           |    99 |    81 ||   180
  Use: Scroll            |       |     9 ||     9
       Potion            |       |     5 ||     5
Armor: Scale mail        |    62 |    48 ||   110
Dodge: Dodged            |    56 |    37 ||    93
Block: Buckler           |    23 |    18 ||    41
